 Dungeon Crawl Stone Soup version 0.32-a0-876-gcfddb08e57 (webtiles) character file.

Game seed: 1111339239339913372

815 Foxy the Shooter (level 7, -1/50 (54) HPs)
             Began as a Coglin Hunter on Apr 1, 2024.
             Slain by a wight
             ... wielding a +4 dire flail of freezing
              (12 damage)
             ... on level 5 of the Dungeon.
             The game lasted 00:05:36 (4101 turns).

Foxy the Shooter (Coglin Hunter)                    Turns: 4101, Time: 00:05:37

HP:   -1/50 (54)    AC:  5    Str: 11    XL:     7   Next: 94%
MP:   7/7           EV: 12    Int:  8    God:
Gold: 133           SH:  0    Dex: 20    Spells: 6/6 levels left

rFire   . . .        a - +2 sling {Prasit}
rCold   . . .        d - +0 sling {Prani}
rNeg    . . .        c - +0 leather armour
rPois   .            (no helmet)
rElec   .            n - +0 cloak
rCorr   .            (no gloves)
SInv    .            k - +0 pair of boots
Will    .....        (amulet unavailable)
Stlth   ++           (ring unavailable)
HPRegen 0.28/turn    (ring unavailable)
MPRegen 0.10/turn    (no gizmo)

%: no passive effects
@: drained, revved
A: off-hand wielding, slow wielding, warmup strikes, no jewellery
a: Invent Gizmo


You were on level 5 of the Dungeon.
You visited 1 branch of the dungeon, and saw 5 of its levels.

You collected 193 gold pieces.
You spent 60 gold pieces at shops.

Inventory:

Hand Weapons
 a - a +2 sling (weapon) {Prasit}
 d - a +0 sling (offhand) {Prani}
Missiles
 f - 8 poisoned darts
 w - a throwing net
Armour
 c - a +0 leather armour (worn)
 j - a +2 chain mail of cold resistance
 k - a +0 pair of boots (worn)
 n - a +0 cloak (worn)
Wands
 v - a wand of paralysis (2)
Scrolls
 b - a scroll of butterflies
 e - 3 scrolls of teleportation {unknown}
 g - 4 scrolls of identify {unknown}
 m - 2 scrolls of blinking {unknown}
 p - 2 scrolls of immolation {unknown}
 r - a scroll of noise {unknown}
 t - a scroll of vulnerability {unknown}
 x - a scroll of amnesia {unknown}
 y - a scroll of revelation {unknown}
Potions
 h - 3 potions of brilliance {unknown}
 i - a potion of resistance {unknown}
 l - 2 potions of curing {unknown}
 o - a potion of heal wounds
 q - a potion of invisibility {unknown}
 s - a potion of might {unknown}
 u - a potion of mutation {unknown}
 z - a potion of haste {unknown}
 A - a potion of lignification {unknown}


   Skills:
 + Level 4.3 Fighting
 * Level 6.1 Ranged Weapons
 + Level 3.8 Dodging
 + Level 3.3 Stealth


You had 6 spell levels left.
You didn't know any spells.
Your spell library contained the following spells:

 Spells                   Type           Power      Damage    Failure   Level
 Necrotise                Necr           0%         1d4       50%         1
 Lesser Beckoning         Tloc           0%         N/A       65%         2
 Teleport Other           Tloc           0%         N/A       86%         3
 Vampiric Draining        Necr           0%         2d6       86%         3
 Volatile Blastmotes      Fire/Tloc      0%         2d10      86%         3
 Fulminant Prism          Conj/Alch      0%         3d5       99%         4
 Iskenderun's Mystic Bla Conj/Tloc 0%             2d3        (+2d1     99%         4
 Martyr's Knell           Necr/Summ      0%         N/A       99%         4
 Maxwell's Portable Pile  Tloc           0%         2d(5-10)  99%         4
 Curse of Agony           Necr           0%         N/A       100%        5


Dungeon Overview and Level Annotations

Branches:
Dungeon (5/15)
 Temple: D:4-7

Altars:

Shops:
D:1 =   D:2 *

Annotations:
D:3 exclusion: steam dragon
D:4 3 runed translucent doors, 601d51SH's ghost, amateur GnFi


Innate Abilities, Weirdness & Mutations

You can wield a second weapon in your off-hand.
It takes a long time for you to wield or remove held weapons.
Your first few attacks do less damage.
You cannot equip rings or amulets.


Message History

A white imp comes into view.
The white imp shouts!
The white imp moves out of view.
The white imp gestures at you. The puff of frost misses you.
You shoot a sling bullet.
The sling bullet closely misses the white imp.
You shoot a sling bullet.
The sling bullet hits the white imp but does no damage.
A wight comes into view.
It is wielding a +4 dire flail of freezing.
The white imp shouts, "Slither hence, thou beslubbering milk-livered gudgeon!"
You shoot a sling bullet.
The sling bullet hits the wight but does no damage.
You shoot a sling bullet. The sling bullet hits the wight.
The wight is moderately damaged.
The white imp puffs mist at you. The white imp gestures at you.
The puff of frost hits you.
You shoot a sling bullet.
The sling bullet hits the wight but does no damage.
The wight is moderately damaged.
You shoot a sling bullet. The sling bullet hits the wight.
The wight is moderately damaged.
You shoot a sling bullet. The sling bullet hits the wight.
The wight is moderately damaged.
You shoot a sling bullet. The sling bullet hits the wight.
The wight is moderately damaged.
The wight hits you with a +4 dire flail of freezing!
You feel drained. The wight freezes you.
You shoot a sling bullet. The sling bullet hits the wight.
The wight is severely damaged.
You shoot a sling bullet. The sling bullet hits the wight.
The wight is almost destroyed.
The wight hits you with a +4 dire flail of freezing!
You feel drained.
* * * LOW HITPOINT WARNING * * *
The wight freezes you.
* * * LOW HITPOINT WARNING * * *
The wight hits you with a +4 dire flail of freezing!
You die...

#....... .....# ##.....# #.....#
#.....## .......
#<..#.####.........
#..........#....#....### ....
###..####.....# #.....# ... #..#
#..#5.# #.....# ### .. .....#
####z## #.....##.#.
.####..#...>.#..@.# #..........
..#...##.........######..........
......#..........###.............
...# .........#...##.#.......
<..# .. ............###.#..###..
†..# #..##.....###..# #.....#...
..######.#...#######.######......
....##.......####................
....#..# #...##....##......###..#


You could see a wight and a white imp.

Vanquished Creatures
  A water moccasin (D:5)
  An ice beast (D:5)
  An orc warrior (D:3)
  An ogre (D:4)
  A scorpion (D:4)
  A bombardier beetle (D:4)
  A hound (D:3)
  2 jellies
  An orc priest (D:3)
  An orc wizard (D:4)
  5 gnolls
  9 adders
  A dart slug (D:1)
  3 ribbon worms
  5 orcs
  2 ball pythons (D:1)
  4 endoplasms
  5 giant cockroaches
  6 goblins
  4 hobgoblins
  7 kobolds
  4 quokkas
  4 bats
  5 frilled lizards
  7 rats
82 creatures vanquished.

Notes
Turn   | Place    | Note
-------+----------+-------------------------------------------
     0 | D:1      | Foxy the Coglin Hunter began the quest for the Orb.
     0 | D:1      | Reached XP level 1. HP: 16/16 MP: 1/1
   112 | D:1      | Reached skill level 1 in Stealth
   130 | D:1      | Found Solihoz's Jewellery Shoppe.
   151 | D:1      | Reached XP level 2. HP: 22/22 MP: 2/2
   713 | D:2      | Reached XP level 3. HP: 27/27 MP: 3/3
   721 | D:2      | Reached skill level 4 in Ranged Weapons
   935 | D:2      | Found Hohia's General Store.
   945 | D:2      | Bought a potion of heal wounds for 60 gold pieces
   991 | D:2      | Reached XP level 4. HP: 34/34 MP: 4/4
  1270 | D:3      | Reached XP level 5. HP: 30/40 MP: 5/5
  1377 | D:3      | Noticed an orc warrior
  1396 | D:3      | Killed an orc warrior
  1397 | D:3      | Reached skill level 5 in Ranged Weapons
  1397 | D:3      | Reached XP level 6. HP: 7/47 MP: 6/6
  1925 | D:3      | Noticed a steam dragon
  2525 | D:4      | Found a runed translucent gate.
  2525 | D:4      | Found a runed translucent gate.
  2526 | D:4      | Found a runed translucent gate.
  2913 | D:4      | Reached XP level 7. HP: 34/53 MP: 7/7
  3759 | D:4      | Noticed 601d51SH's ghost (amateur GnFi)
  3810 | D:5      | Entered Level 5 of the Dungeon
  3877 | D:5      | Reached skill level 6 in Ranged Weapons
  4101 | D:5      | Slain by a wight

Illustrated notes

Levels and vault maps discovered:
D:1:      nicolae_arrival_washed_ashore, layout_loops_ring, serial_shops,
          nicolae_shop_statue_plus, st_stairs_10, corner_web_ring
D:2:      layout_rooms, serial_shops, nicolae_lakefront_shop,
          kennysheep_generic_room_13
D:3:      layout_basic
D:4:      layout_layer_cave, gammafunk_ghost_icy
D:5:      layout_cave_pools, nicolae_overflow_hidden_temple

Skill      XL: |  1  2  3  4  5  6  7 |
---------------+----------------------+-----
Stealth        | 1 2 3 |  3.3
Dodging        | 2 3 |  3.8
Ranged Weapons | 4 5 6 |  6.1
Fighting       | 3 4 |  4.3

Action                     |  1- 3 |  4- 6 |  7- 9 || total
---------------------------+-------+-------+-------++-------
   Fire: Sling             |   150 |   240 |    78 ||   468
  Throw: Dart              |       |     2 |       ||     2
  Evoke: Wand              |       |       |     3 ||     3
 Armour: Leather armour    |     8 |    21 |    12 ||    41
  Dodge: Dodged            |    12 |    32 |     7 ||    51

Table legend: (Time is in decaauts)
 A = Elapsed time spent in this place.
 B = Non-inter-level travel time spent in this place.
 C = Inter-level travel time spent in this place.
 D = Time resting spent in this place.
 E = Time spent auto-exploring this place.
 F = Levels seen in this place.
 G = Mean time per level.
                   A        B        C        D        E       F      G
               +--------+--------+--------+--------+--------+-----+--------+
         Total |   4148 |   4046 |    102 |    380 |   3133 |   5 |  829.6 |
       Dungeon |   4148 |   4046 |    102 |    380 |   3133 |   5 |  829.6 |
               +--------+--------+--------+--------+--------+-----+--------+

Top non-repeatable levels by time:
     D:4: 1421 daAuts
     D:3: 1329 daAuts
     D:1: 657 daAuts
     D:2: 461 daAuts
     D:5: 279 daAuts
